 Dungeon Crawl Stone Soup version 0.31.0-4-g52a2dc7128 (webtiles) character file.

Game seed: 12468069478720092078

1964 Gottschkopf the Firebug (level 9, -5/45 HPs)
             Began as a Deep Elf Conjurer on Jan 22, 2024.
             Was a High Priest of Zin.
             Slain by a sky beast (6 damage)
             ... on level 6 of the Dungeon.
             The game lasted 00:26:31 (7990 turns).

Gottschkopf the Firebug (Deep Elf Conjurer)         Turns: 7990, Time: 00:26:31

Health: -5/45      AC:  4    Str:  4    XL:     9   Next: 0%
Magic:  1/18       EV: 14    Int: 28    God:    Zin [*****.]
Gold:   415        SH:  0    Dex: 13    Spells: 10/17 levels left

rFire   . . .        o - +2 dagger (venom)
rCold   . . .        (no shield)
rNeg    . . .        a - +0 robe
rPois   .            (no helmet)
rElec   .            (no cloak)
rCorr   .            j - +1 pair of gloves
SInv    +            (no boots)
Will    .....        (no amulet)
Stlth   ++           f - ring of see invisible
HPRegen 0.27/turn    (no ring)
MPRegen 0.16/turn

%: no passive effects
@: lethally poisoned (-5 -> -12)
A: no striking features
a: Renounce Religion, Recite, Vitalisation, Imprison, Sanctuary, Donate Gold


You were on level 6 of the Dungeon.
You worshipped Zin.
Zin was extremely pleased with you.
You visited 1 branch of the dungeon, and saw 7 of its levels.

You collected 494 gold pieces.
You donated 79 gold pieces to Zin.

Inventory:

Hand Weapons
 o - a +2 dagger of venom (weapon)
Missiles
 p - 4 curare-tipped darts
Armour
 a - a +0 robe (worn)
 j - a +1 pair of gloves (worn)
Magical Staves
 d - a staff of earth
Jewellery
 f - a ring of see invisible (left hand)
Wands
 y - a wand of iceblast (6)
 z - a wand of flame (15)
Scrolls
 c - a scroll of acquirement {unknown}
 e - 2 scrolls of enchant weapon {unknown}
 g - 8 scrolls of teleportation {unknown}
 i - a scroll of noise {unknown}
 l - 3 scrolls of identify {unknown}
 m - a scroll of poison {unknown}
 r - a scroll of blinking {unknown}
 s - a scroll of butterflies {unknown}
 v - a scroll of fear {unknown}
 x - a scroll of silence {unknown}
Potions
 b - 2 potions of magic
 h - a potion of heal wounds {unknown}
 k - a potion of might {unknown}
 n - 3 potions of curing {unknown}
 q - a potion of lignification {unknown}
 t - 2 potions of brilliance {unknown}
 u - a potion of attraction {unknown}
 w - a potion of mutation {unknown}
 A - a potion of degeneration {unknown}
 B - a potion of haste {unknown}
 C - a potion of enlightenment {unknown}


   Skills:
 - Level 5.1 Dodging
 - Level 3.1 Stealth
 - Level 4.7 Spellcasting
 - Level 6.0 Conjurations
 + Level 6.9 Fire Magic
 * Level 6.1 Air Magic
 + Level 4.2 Alchemy


You had 10 spell levels left.
You knew the following spells:

 Your Spells              Type           Power      Damage    Failure   Level
a - Magic Dart            Conj           100%       1d8       1%          1
b - Searing Ray           Conj           80%        2d7       1%          2
c - Fulminant Prism       Conj/Alch      17%        3d11      9%          4

Your spell library contained the following spells:

 Spells                   Type           Power      Damage    Failure   Level
 Foxfire                  Conj/Fire      100%       2x1d9     1%          1
 Mercury Vapours          Alch/Air       70%        N/A       1%          2
 Mephitic Cloud           Conj/Alch/Air  37%        N/A       2%          3
 Call Canine Familiar     Summ           6%         N/A       21%         3
 Gell's Gravitas          Tloc           6%         N/A       21%         3
 Sigil of Binding         Hex            6%         N/A       21%         3
 Teleport Other           Tloc           6%         N/A       21%         3
 Iskenderun's Mystic Bla  Conj/Tloc      23%        2d6       21%         4
 Freezing Cloud           Conj/Ice/Air   14%        6-21      36%         5
 Dimensional Bullseye     Hex/Tloc       3%         N/A       56%         4
 Plasma Beam              Fire/Air       21%        2x1d33    58%         6
 Starburst                Conj/Fire      21%        6d7       58%         6
 Dispersal                Tloc           3%         N/A       100%        6


Dungeon Overview and Level Annotations

Branches:
Dungeon (7/15)             Temple (0/1) D:7

Altars:
Yredelemnul
Zin

Shops:
D:1 (   D:4 *

Portals:
Bailey: D:7


Message History

The killer bee poisons you! The killer bee misses you.
You climb upwards.
You feel sick.
There is a stone staircase leading down here.
You hit the sky beast.
The sky beast is severely wounded.
You feel sick. The killer bee stings you.
You are more poisoned.
The killer bee poisons you!
The sky beast hits you but does no damage.
The killer bee misses you.
You hit the sky beast.
The sky beast is poisoned.
Your punch misses the sky beast.
The sky beast is severely wounded.
You feel very sick. The killer bee stings you.
The sky beast closely misses you. The killer bee stings you.
You are more poisoned.
The killer bee poisons you!
You feel very sick. The killer bee stings you.
Your magical contamination has completely faded away.
You feel very sick.
The killer bee attacks as it pursues you!
The killer bee misses you. The killer bee stings you.
You feel very sick.
The sky beast attacks as it pursues you!
The sky beast hits you.
* * * LOW HITPOINT WARNING * * *
The sky beast shocks you.
* * * LOW HITPOINT WARNING * * *
The killer bee stings you.
* * * LOW HITPOINT WARNING * * *
* * * LOW HITPOINT WARNING * * *
You feel sick.
The killer bee attacks as it pursues you!
The killer bee stings you but does no damage.
The sky beast hits you. Zin protects you from harm! The sky beast shocks you.
You die...

........##.#.#
.........#.#.#
.........#...#
............##
........##..######
.................#
........##.#####.#
#####.#..#.# #.#
#.#..#.#####@#
####.#........Yy#
##...[...#......##
.................#
##...).......>...#
...............<.#
##........#.....##
##...............#
##...............#


You could see a sky beast (very poisoned) and a killer bee.

Vanquished Creatures
  Prince Ribbit (D:5)
  3 yaks (D:6)
  An orc warrior (D:6)
  2 black bears (D:5)
  An ogre (D:6)
  2 kobold brigands (D:3)
  2 scorpions (D:5)
  A bombardier beetle (D:3)
  3 orc priests
  2 hounds (D:6)
  A jelly (D:5)
  2 sleepcaps
  4 iguanas
  2 orc wizards
  6 gnolls (D:3)
  12 adders
  2 white imps
  2 dart slugs (D:1)
  4 ribbon worms
  20 orcs
  4 bats
  9 endoplasms
  6 giant cockroaches
  5 goblins
  8 hobgoblins
  2 jackals (D:2)
  2 quokkas
  6 ball pythons
  3 frilled lizards
  44 kobolds
  2 rats (D:3)
164 creatures vanquished.

Vanquished Creatures (others)
  11 fulminant prisms
11 creatures vanquished.

Grand Total: 175 creatures vanquished

Notes
Turn   | Place    | Note
-------+----------+-------------------------------------------
     0 | D:1      | Gottschkopf the Deep Elf Conjurer began the quest for the
                  | Orb.
     0 | D:1      | Reached XP level 1. HP: 10/10 MP: 6/6
   301 | D:1      | Reached XP level 2. HP: 15/15 MP: 4/8
   309 | D:1      | Learned a level 2 spell: Searing Ray
   655 | D:1      | Found Qoet's Weapon Boutique.
   864 | D:1      | Found a faded altar of an unknown god.
   872 | D:1      | Prayed at the altar of an unknown god.
   872 | D:1      | Became a worshipper of Zin the Law-Giver
   872 | D:1      | Reached * piety under Zin
   873 | D:1      | Donated 30 gold pieces to Zin
   959 | D:1      | Reached XP level 3. HP: 19/19 MP: 8/10
  1220 | D:2      | Reached ** piety under Zin
  1606 | D:2      | Reached skill level 1 in Fire Magic
  2196 | D:3      | Reached XP level 4. HP: 18/24 MP: 7/12
  2524 | D:3      | Reached *** piety under Zin
  2536 | D:3      | Noticed a kobold brigand
  2544 | D:3      | Killed a kobold brigand
  2545 | D:3      | Reached XP level 5. HP: 28/28 MP: 3/14
  2734 | D:3      | Reached skill level 5 in Conjurations
  2978 | D:3      | Reached XP level 6. HP: 25/32 MP: 0/15
  3822 | D:3      | Reached **** piety under Zin
  4318 | D:4      | Found a transporter.
  4485 | D:4      | Found a transporter.
  4727 | D:4      | Reached skill level 5 in Dodging
  4727 | D:4      | Reached XP level 7. HP: 21/36 MP: 2/16
  4861 | D:4      | Reached ***** piety under Zin
  4891 | D:4      | Found a basalt altar of Yredelemnul.
  5449 | D:4      | Found Ybuciptua's General Store.
  5474 | D:5      | Entered Level 5 of the Dungeon
  5649 | D:5      | Reached skill level 5 in Fire Magic
  5649 | D:5      | Reached skill level 1 in Air Magic
  5972 | D:5      | Learned a level 4 spell: Fulminant Prism
  6182 | D:5      | Reached skill level 1 in Alchemy
  6430 | D:5      | Reached XP level 8. HP: 41/41 MP: 8/17
  6499 | D:5      | Noticed Prince Ribbit
  6509 | D:5      | Killed Prince Ribbit
  7088 | D:6      | Reached skill level 5 in Air Magic
  7891 | D:7      | Found a flagged portal.
  7913 | D:7      | Reached XP level 9. HP: 45/45 MP: 4/18
  7975 | D:7      | Found a staircase to the Ecumenical Temple.
  7989 | D:6      | HP: 2/45 [killer bee (3)]
  7990 | D:6      | Zin protects you from harm!
  7990 | D:6      | Slain by a sky beast

Illustrated notes

Levels and vault maps discovered:
D:1:      minmay_arrival_loop, layout_loops_corners, serial_shops,
          nicolae_shop_advertising_works [nicolae_subvault_shop_adworks],
          shapermc_ecumenical_altar_mp_highgroup
D:2:      layout_rooms, hangedman_decor_lopped, minivault_5, minmay_pentomino_q2
D:3:      minmay_goblin_kobold_castle, layout_rooms
D:4:      layout_basic, lemuel_coloured_pillars_altar, serial_shops,
          nicolae_shop_drivethru, serial_library_hellmonk_secret_room,
          fountainhead, nicolae_half_adder
D:5:      layout_rooms, kennysheep_nub, chequers_serial_rivers_micro_d,
          chequers_serial_rivers_small_b, nicolae_houndstooth_variations,
          uniq_prince_ribbit1
D:6:      layout_rooms, serial_glass, glass_columns_b, glass_columns_b,
          due_unseen_surprise, minmay_strange_pillars, minmay_misc_feat_columns
D:7:      layout_loops_ring, jmf_multi_god_temple2,
          gammafunk_temple_overflow_wave, makhleb_grotto_becter,
          minmay_temple_entry_sparse_star, enter_bailey_2, item_on_display_a

Skill      XL: |  1  2  3  4  5  6  7  8 |
---------------+-------------------------+-----
Dodging        | 3 4 5 |  5.1
Fire Magic     | 1 3 4 5 6 |  6.9
Spellcasting   | 4 |  4.7
Conjurations   | 5 6 |  6.0
Stealth        | 3 |  3.1
Air Magic      | 3 6 |  6.1
Alchemy        | 1 4 |  4.2

Action                     |  1- 3 |  4- 6 |  7- 9 || total
---------------------------+-------+-------+-------++-------
  Melee: Dagger            |     2 |     3 |    21 ||    26
   Cast: Magic Dart        |    75 |   170 |   137 ||   382
         Searing Ray       |     1 |     8 |    15 ||    24
         Fulminant Prism   |       |       |    11 ||    11
 Invoke: Donate Gold       |     1 |       |       ||     1
   Stab: Sleeping          |       |       |     1 ||     1
 Armour: Robe              |     9 |    32 |    47 ||    88
  Dodge: Dodged            |     4 |    33 |    43 ||    80
